 Dungeon Crawl Stone Soup version 0.28-a0-479-g5baa6b73be (webtiles) character file.

Game seed: 10604404793182302325

1003 Conn the Sneak (level 8, -4/46 (47) HPs)
             Began as an Octopode Fire Elementalist on Sept 18, 2021.
             Killed by divine providence
             ... invoked by an orc priest
              (13 damage)
             ... on level 8 of the Dungeon.
             The game lasted 00:13:08 (7005 turns).

Conn the Sneak (Octopode Fire Elementalist)         Turns: 7005, Time: 00:13:09

HP:   -4/46 (47)    AC:  1    Str:  8    XL:     8   Next: 20%
MP:   2/14          EV: 13    Int: 26    God:
Gold: 214           SH:  0    Dex: 12    Spells: 5/16 levels left

rFire   . . .      SeeInvis +   w - +5 quarterstaff of a bailey {pain, *Rage rN+ Int+7 SInv}
rCold   . . .      Faith    .   (shield currently unavailable)
rNeg    + . .      Spirit   .   (helmet restricted)
rPois   .          Reflect  .   (no amulet)
rElec   .          Harm     .   h - ring of wizardry
rCorr   +          Rampage  .   i - ring of resist corrosion
Will    .....      Rage     20% (no ring)
Stlth   ++++......              (no ring)
HPRegen 0.15/turn               (no ring)
MPRegen 0.14/turn               (no ring)
                                (no ring)
                                (no ring)

@: lightly drained
A: almost no armour, amphibious, 8 rings, camouflage 1, gelatinous body 1,
(nimble swimmer 1), tentacles
a: no special abilities


You were on level 8 of the Dungeon.
You visited 1 branch of the dungeon, and saw 8 of its levels.

You collected 214 gold pieces.

Inventory:

Hand Weapons
 a - a +1 dagger of venom
 b - the +8 dagger "Latweani" {speed, *Slow rN+ Will++ SInv}
   (You found it on level 4 of the Dungeon)

   Attacks with this weapon are significantly faster.
   rN:        It protects you from negative energy.
   SInv:      It lets you see invisible.
   *Slow:     It may slow you when you take damage.
   Will:      It greatly increases your willpower.
 s - a +0 dagger
 w - the +5 quarterstaff of a bailey (weapon) {pain, *Rage rN+ Int+7 SInv}
   (You found it on level 6 of the Dungeon)

   In the hands of one skilled in necromantic magic, it inflicts extra damage on
   living creatures.
   Int:       It affects your intelligence (+7).
   rN:        It protects you from negative energy.
   SInv:      It lets you see invisible.
   *Rage:     It lets you go berserk by making a melee attack (+20% chance).
Missiles
 n - 3 javelins
 r - 3 curare-tipped darts
 v - a throwing net
Jewellery
 h - a ring of wizardry (left tentacle)
 i - a ring of resist corrosion (right tentacle)
Wands
 l - a wand of flame (16)
 y - a wand of paralysis (7)
Scrolls
 c - a scroll of blinking {unknown}
 e - a scroll of enchant weapon {unknown}
 f - 5 scrolls of identify {unknown}
 k - 2 scrolls of amnesia {unknown}
 p - a scroll of fear {unknown}
 t - a scroll of noise {unknown}
Potions
 d - 2 potions of curing
 g - a potion of magic {unknown}
 j - 2 potions of berserk rage {unknown}
 m - a potion of flight {unknown}
 o - a potion of attraction {unknown}
 q - a potion of lignification {unknown}
 u - a potion of resistance {unknown}
 x - a potion of brilliance {unknown}


   Skills:
 + Level 0.7 Fighting
 + Level 2.0 Short Blades
 + Level 2.4 Dodging
 + Level 5.9 Stealth
 + Level 4.5 Spellcasting
 + Level 3.8 Conjurations
 + Level 1.0 Hexes
 + Level 5.7 Fire Magic


You had 5 spell levels left.
You knew the following spells:

 Your Spells              Type           Power      Damage    Failure   Level
a - Foxfire               Conj/Fire      100%       2x1d9     1%          1
b - Conjure Flame         Conj/Fire      30%        6-21      1%          3
c - Inner Flame           Hex/Fire       23%        N/A       2%          3
d - Flame Wave            Conj/Fire      30%        3d7       4%          4

Your spell library contained the following spells:

 Spells                   Type           Power      Damage    Failure   Level
 Magic Dart               Conj           100%       1d8       1%          1
 Scorch                   Fire           70%        2d9       1%          2
 Searing Ray              Conj           50%        2d6       1%          2
 Sandblast                Erth           10%        2d5       3%          1
 Passwall                 Tmut/Erth      4%         N/A       4%          2
 Stone Arrow              Conj/Erth      30%        3d8       4%          3
 Portal Projectile        Hex/Tloc       16%        N/A       8%          3
 Call Canine Familiar     Summ           5%         N/A       10%         3
 Fulminant Prism          Conj/Hex       9%         3d7       12%         4
 Leda's Liquefaction      Hex/Erth       4%         N/A       26%         4


Dungeon Overview and Level Annotations

Branches:
Dungeon (9/15)
 Temple: D:4-7         Lair: D:8-11         Orc: D:9-12

Altars:
The Shining One

Shops:
D:5 (


Innate Abilities, Weirdness & Mutations

You cannot wear most types of armour.
You are amphibious.
You can wear up to eight rings at the same time.
Your skin changes colour to match your surroundings (Stealth+).
Your rubbery body absorbs attacks. (AC +1, EV +1)
((You are camouflaged near water. (Stealth+)))
You have tentacles for arms and can constrict up to eight enemies at once.


Message History

Casting: Foxfire (safe; 1% risk of failure)
Confirm with . or Enter, or press ? or * to list all spells.
You conjure some foxfire!
A wight comes into view. It is wielding a +2 mace.
Unknown command.
The foxfire hits the wight.
The wight is moderately damaged.
The foxfire hits the wight.
The wight is heavily damaged.
The wyvern zombie completely misses you.
Unknown command.
Okay, then.
Unknown command.
Unknown command.
You open the door. The wyvern zombie bites you! The orc misses you.
Found a scroll labelled LUFAAGH UFFYONT.
Unknown command.
There is an open door here.
Casting: Foxfire (safe; 1% risk of failure)
Confirm with . or Enter, or press ? or * to list all spells.
You conjure some foxfire!
The wyvern zombie barely misses you. The wight hits you with a +5 falchion!
You partially resist.
You feel drained.
Unknown command.
Your foxfire dissipates!
The foxfire hits the wight.
The wight is severely damaged.
Unknown command.
You see here a scroll labelled LUFAAGH UFFYONT.
The orc priest mumbles some strange prayers to Beogh against you.
Beogh smites you!
* * * LOW HITPOINT WARNING * * *
Aiming: Paralyse
Press: ? - help, Shift-Dir - straight line, f - wight
Aim: a wight, wielding a +5 falchion and wearing a +0 robe (severely damaged, chance to affect: 46%)
Okay, then.
Okay, then.
Found a book of Vapours.
The orc priest invokes the aid of Beogh against you.
Beogh smites you!
You die...

#################
.....:.........>#
#@#######.# #.#
#.# #z# #.# .
#?#######.#
....##z#.......##
........o........#
......#z#zo......#
......#.#........#
#.... #.#........#


You could see 3 wights and an orc priest.

Vanquished Creatures
  Duvessa (D:4)
  A black bear (D:5)
  A necrophage (D:5)
  An ogre (D:4)
  A phantom (D:6)
  3 scorpions
  Dowan (D:4)
  A water moccasin skeleton (D:5)
  A hound (D:5)
  A bullfrog skeleton (D:6)
  Ijyb (D:3)
  An iguana (D:4)
  An orc wizard (D:5)
  Robin (D:3)
  7 adders
  A white imp (D:6)
  2 dart slugs (D:1)
  5 orcs
  3 ball pythons
  6 endoplasms
  5 giant cockroaches
  17 goblins
  9 hobgoblins
  7 kobolds
  3 quokkas (D:2)
  3 bats
  5 frilled lizards
  5 rats
94 creatures vanquished.

Vanquished Creatures (others)
  288 foxfires
  3 plants (D:3)
291 creatures vanquished.

Grand Total: 385 creatures vanquished

Notes
Turn   | Place    | Note
-------+----------+-------------------------------------------
     0 | D:1      | Conn the Octopode Fire Elementalist began the quest for the
                  | Orb.
     0 | D:1      | Reached XP level 1. HP: 11/11 MP: 3/3
   366 | D:1      | Reached XP level 2. HP: 17/17 MP: 0/5
  1126 | D:1      | Reached XP level 3. HP: 20/21 MP: 6/6
  2228 | D:2      | Reached XP level 4. HP: 27/27 MP: 0/8
  2449 | D:2      | Found a glowing golden altar of the Shining One.
  2642 | D:2      | Found a faded altar of an unknown god.
  2931 | D:3      | Learned a level 3 spell: Conjure Flame
  2935 | D:3      | Learned a level 3 spell: Inner Flame
  3326 | D:3      | Noticed Ijyb
  3352 | D:3      | Killed Ijyb
  3446 | D:3      | Noticed Robin
  3472 | D:3      | Reached XP level 5. HP: 31/31 MP: 2/9
  3644 | D:3      | Killed Robin
  4079 | D:4      | Noticed Dowan
  4080 | D:4      | Noticed Duvessa
  4233 | D:4      | Noticed an ogre
  4244 | D:4      | Killed an ogre
  4245 | D:4      | Reached skill level 1 in Short Blades
  4310 | D:4      | Reached XP level 6. HP: 36/36 MP: 6/11
  4364 | D:4      | Learned a level 4 spell: Flame Wave
  4379 | D:4      | Killed Dowan
  4380 | D:4      | Reached skill level 5 in Stealth
  4587 | D:4      | Killed Duvessa
  5298 | D:4      | Identified the +8 dagger "Latweani" {speed, *Slow rN+
                  | Will++ SInv}
  5881 | D:5      | Entered Level 5 of the Dungeon
  5928 | D:5      | Reached XP level 7. HP: 42/42 MP: 6/12
  5970 | D:5      | Found Gyleun's Weapon Shoppe.
  6246 | D:5      | Reached skill level 5 in Fire Magic
  6623 | D:6      | Reached skill level 1 in Hexes
  6623 | D:6      | Reached XP level 8. HP: 28/47 MP: 8/14
  6881 | D:6      | Identified the +5 quarterstaff of a bailey {pain, *Rage rN+
                  | Int+7 SInv}
  6911 | D:6      | You fall into a shaft and drop 3 floors!
  7005 | D:8      | Killed from afar by an orc priest

Illustrated notes

Levels and vault maps discovered:
D:1:      minmay_arrival_semitransparent, layout_loops_ring, corner_web_ring
D:2:      layout_loops_corners, basic_altar,
          shapermc_ecumenical_altar_starsandcircs, minmay_quantized
D:3:      layout_basic, serial_shops, nicolae_shop_stone, serial_forest,
          infiniplex_forest_diagonal, infiniplex_forest_clump_small,
          infiniplex_forest_end_1, infiniplex_forest_diagonal,
          infiniplex_forest_straight_3, infiniplex_forest_end_2,
          infiniplex_forest_straight_2, uniq_ijyb, uniq_natasha, uniq_robin
D:4:      layout_layer_cave, uniq_duvessa
D:5:      layout_basic, serial_shops, shop
D:6:      layout_cave_pods, mainiacjoe_overflow_small_starburst,
          minmay_temple_entry_mist, serial_shops, shop_statue, uniq_edmund
D:8:      layout_basic, enter_bailey_5
D:9:      layout_basic, minivault_11, minmay_stone_trees_small, uniq_grum

Skill      XL: |  1  2  3  4  5  6  7  8 |
---------------+-------------------------+-----
Stealth        | 3 4 5 |  5.9
Spellcasting   | 3 4 |  4.5
Short Blades   | 1 2 |  2.0
Conjurations   | 2 3 |  3.8
Fire Magic     | 4 5 |  5.7
Hexes          | 1 |  1.0
Fighting       | |  0.7
Dodging        | |  2.4

Action                   |  1- 3 |  4- 6 |  7- 9 || total
-------------------------+-------+-------+-------++-------
Melee: Unarmed           |     5 |       |       ||     5
       Dagger            |    38 |    46 |    10 ||    94
       Constrict         |    11 |     9 |     5 ||    25
       Tentacles         |     7 |     6 |     4 ||    17
       Quarterstaff      |       |       |     2 ||     2
 Cast: Foxfire           |    51 |    85 |    51 ||   187
       Inner Flame       |       |     3 |     3 ||     6
       Conjure Flame     |       |     1 |       ||     1
       Flame Wave        |       |       |     1 ||     1
  Use: Potion            |       |     1 |       ||     1
 Stab: Sleeping          |     1 |     6 |       ||     7
Armor: Skin              |     6 |       |       ||     6
Dodge: Dodged            |    32 |    25 |    13 ||    70

Table legend: (Time is in decaauts)
 A = Elapsed time spent in this place.
 B = Non-inter-level travel time spent in this place.
 C = Inter-level travel time spent in this place.
 D = Time resting spent in this place.
 E = Time spent auto-exploring this place.
 F = Levels seen in this place.
 G = Mean time per level.
                   A        B        C        D        E       F      G
               +--------+--------+--------+--------+--------+-----+--------+
         Total |   7014 |   6902 |    112 |    305 |   5319 |   8 |  876.8 |
       Dungeon |   7014 |   6902 |    112 |    305 |   5319 |   8 |  876.8 |
               +--------+--------+--------+--------+--------+-----+--------+

Top non-repeatable levels by time:
     D:4: 1586 daAuts
     D:1: 1467 daAuts
     D:2: 1456 daAuts
     D:3: 1368 daAuts
     D:5: 733 daAuts
     D:6: 295 daAuts
     D:9: 73 daAuts
     D:8: 33 daAuts
